 Dungeon Crawl Stone Soup version 0.14-a0-1546-g4b4961f (webtiles) character file.

2904 PolkaDot the Jinx (level 9, -3/57 HPs)
             Began as a Vampire Enchanter on Dec 19, 2013.
             Was an Initiate of Ashenzari.
             Killed from afar by an orc wizard (9 damage)
             ... with a magic dart
             ... on Level 9 of the Dungeon.
             The game lasted 00:45:51 (9565 turns).

PolkaDot the Jinx (Vampire Enchanter)               Turns: 9565, Time: 00:45:52

HP  -3/57        AC  5     Str  7      XL: 9   Next: 28%
MP  17/21        EV 13     Int 17      God: Ashenzari [......]
Gold 405         SH  0     Dex 17      Spells:  6 memorised,  0 levels left

rFire  . . .     SeeInvis +     t - +2 dagger (drain)
rCold  + + +     Clarity  .     b - +2 robe
rNeg   + + +     Conserve .     (no shield)
rPois  +         rCorr    .     (no helmet)
rElec  .         rRot     +     h - +0 cloak
SustAb . .       Spirit   .     (no gloves)
rMut   .         Warding  .     (no boots)
Saprov . . .     Stasis   .     (no amulet)
                                j - ring of protection from cold
                                y - ring of wizardry

@: non-regenerating, somewhat resistant to hostile enchantments, extremely
stealthy
A: bottle blood, fangs 3, see invisible, unbreathing
a: Bat Form, Bottle Blood, Renounce Religion


You were on level 9 of the Dungeon.
You worshipped Ashenzari.
Ashenzari was noncommittal.
You were bloodless.

You visited 2 branches of the dungeon, and saw 10 of its levels.
You also visited: Sewer.

You collected 405 gold pieces.

Inventory:

Hand weapons
 t - a +2,+2 dagger of draining (weapon)
Missiles
 d - 12 darts (quivered)
Armour
 b - a +2 robe (worn)
 h - a +0 cloak (worn)
Scrolls
 a - a scroll of enchant weapon I
 g - a scroll of enchant weapon II
 i - 9 scrolls of remove curse
 k - a scroll of fog
 l - 10 scrolls of teleportation
 p - a scroll of identify
 r - 2 scrolls of enchant armour
 u - a scroll of random uselessness
 w - a scroll of immolation
 z - a scroll of recharging {unknown}
Jewellery
 j - a ring of protection from cold (right hand)
 m - an uncursed ring of protection from magic
 y - a ring of wizardry (left hand)
Potions
 e - 2 potions of mutation
 f - 4 potions of magic
 n - 2 potions of restore abilities
 o - 2 potions of might
 q - 2 potions of heal wounds
 s - a potion of lignification
 v - a potion of brilliance
 x - a potion of curing
 A - a potion of flight
Books
 c - a book of Maledictions

   Spells                             Type                      Level
   *Corona                            Hexes                        1
   *Sure Blade                        Hexes/Charms                 2
   *Ensorcelled Hibernation           Hexes/Ice                    2
   *Confuse                           Hexes                        3
   *Enslavement                       Hexes                        4
   *Invisibility                      Hexes                        6


   Skills:
 - Level 2.5 Short Blades
 - Level 0.7 Throwing
 - Level 2.1 Dodging
 + Level 9.7 Stealth
 - Level 5.1 Spellcasting
 * Level 13.0 Hexes
 + Level 2.8 Charms


You couldn't memorise any spells.
You knew the following spells:

 Your Spells              Type           Power        Failure   Level  Hunger
a - Corona                Hex            #####..      1%          1    None
b - Sure Blade            Hex/Chrm       ####......   1%          2    #......
c - Confuse               Hex            #####...     1%          3    ###....
d - Ensorcelled Hibernat  Hex/Ice        ####..       1%          2    #......
e - Enslavement           Hex            #####...     1%          4    ####...
i - Invisibility          Hex            #####...     4%          6    #######


Dungeon Overview and Level Annotations

Branches:
Dungeon (9/16)             Temple (1/1) D:7
    Orc: D:9-12        Lair: D:8-11

Altars:
Ashenzari
Cheibriados
Elyvilon
Fedhas
Kikubaaqudgha
Makhleb
Nemelex Xobeh
Okawaru
Sif Muna
Trog
Vehumet
Xom
Yredelemnul
Zin
the Shining One

Shops:
D:9 =


Innate Abilities, Weirdness & Mutations

You do not heal naturally.
You can bottle blood from corpses.
You have razor-sharp teeth.*
You have supernaturally acute eyesight.
You can survive without breathing.*


Message History

Aim: an orc wizard, wielding an orcish dagger and wearing an orcish robe The orc wizard easily resists.
The troll zombie bites you!
The troll zombie claws you but does no damage.
The troll zombie claws you.
Read which item? (? for menu, Esc to quit)
Okay, then.
Unknown command.
The orc wizard mumbles some strange words.
The orc wizard seems to speed up.
The orc wizard gestures at you while chanting.
The magic dart hits you!
The orc wizard gestures at you while chanting.
The magic dart hits you!
* * * LOW HITPOINT WARNING * * *
The orc wizard gestures at you while chanting.
The magic dart hits you!
* * * LOW HITPOINT WARNING * * *
The orc wizard casts a spell at you. The magic dart hits you!
You die...

.### ###### #..##. .... ....#
#..##. ....
..#.############.∩# .
###.####.)... ....>...#..#
##.....##.... ............#
#.......#..# #######.##.#
...#.......#..# ##.##.#
#....._...o..##########..##.#
...#.......#.Z..@.........##%#
#.......#.####..#####..##..
##.....##.# #..# #..##..
###.####.# #..# #..# . ....
..# #..# #..# ..##. ..# #..#
#..# ##. . #### #..# #..# . .
#..# .... ...# .


You could see an orc wizard and a troll zombie.

Vanquished Creatures
  The ghost of mathso the Slasher, an average TeBe of Trog (Sewer)
  2 necrophages
  3 orc warriors
  A centaur (D:5)
  3 giant frogs
  6 ogres
  3 big kobolds (Sewer)
  2 crimson imps
  A goliath beetle (D:8)
  A hound (D:7)
  2 iguanas
  A jelly (D:8)
  A scorpion (D:4)
  5 orc wizards
  3 orc priests
  Terence (D:2)
  11 gnolls
  11 adders
  3 worker ants
  An inept feature mimic (D:3)
  5 giant mites
  An inept item mimic (Sewer)
  8 worms
  2 grey rats (Sewer)
  7 giant geckos
  34 orcs
  8 giant cockroaches
  14 goblins
  11 hobgoblins
  18 kobolds
  3 oozes (Sewer)
  2 ball pythons (Sewer)
  13 bats
  A giant cockroach zombie (D:6)
  6 giant newts
  A hobgoblin skeleton (D:4)
  8 jackals
  2 kobold skeletons (D:4)
  4 quokkas
  A quokka zombie (D:6)
  20 rats
  2 rat zombies (D:5)
  A ballistomycete (D:9)
234 creatures vanquished.

Vanquished Creatures (others)
  A scorpion zombie (D:6)
  A giant spore (D:9)
2 creatures vanquished.

Grand Total: 236 creatures vanquished

Notes
Turn   | Place    | Note
--------------------------------------------------------------
     0 | D:1      | PolkaDot, the Vampire Enchanter, began the quest for the Orb.
     0 | D:1      | Reached XP level 1. HP: 13/13 MP: 3/3
   333 | D:1      | Reached XP level 2. HP: 19/19 MP: 4/4
   684 | D:2      | Reached skill level 5 in Hexes
   702 | D:2      | Reached XP level 3. HP: 20/24 MP: 4/6
   707 | D:2      | Learned a level 3 spell: Confuse
   843 | D:2      | Noticed Terence
   899 | D:2      | Killed Terence
  1348 | D:2      | Learned a level 2 spell: Sure Blade
  1573 | D:3      | Reached XP level 4. HP: 13/30 MP: 4/7
  2003 | D:3      | Reached skill level 6 in Hexes
  2003 | D:3      | Reached skill level 1 in Charms
  2950 | D:3      | Reached XP level 5. HP: 32/35 MP: 5/9
  3063 | D:3      | Found a blossoming altar of Fedhas.
  3980 | D:4      | Found a bloodstained altar of Trog.
  4171 | D:4      | Found a snail-covered altar of Cheibriados.
  4315 | D:4      | Reached skill level 7 in Hexes
  4593 | D:4      | Reached skill level 5 in Stealth
  4731 | D:4      | Reached XP level 6. HP: 28/41 MP: 1/11
  4929 | D:5      | Entered Level 5 of the Dungeon
  5222 | D:5      | Reached skill level 8 in Hexes
  5640 | D:5      | Found a glowing drain.
  5656 | Sewer    | Entered a sewer
  5661 | Sewer    | Noticed mathso's ghost (average TeBe)
  5680 | Sewer    | Killed mathso's ghost
  5680 | Sewer    | Reached skill level 9 in Hexes
  5680 | Sewer    | Reached XP level 7. HP: 33/46 MP: 6/14
  6611 | Sewer    | Reached skill level 10 in Hexes
  6671 | D:5      | Learned a level 6 spell: Invisibility
  6766 | D:5      | Reached XP level 8. HP: 36/52 MP: 17/17
  6898 | D:5      | Learned a level 2 spell: Ensorcelled Hibernation
  7147 | D:6      | Reached skill level 11 in Hexes
  7760 | D:7      | Found a glowing silver altar of Zin.
  7988 | D:7      | Reached skill level 12 in Hexes
  8211 | D:7      | Found a staircase to the Ecumenical Temple.
  8217 | Temple   | Entered the Ecumenical Temple
  8428 | D:7      | Reached skill level 5 in Spellcasting
  8636 | D:7      | Reached XP level 9. HP: 54/57 MP: 18/21
  8888 | D:8      | Learned a level 4 spell: Enslavement
  9261 | D:8      | Reached skill level 13 in Hexes
  9508 | D:9      | Found Ofaiw's Jewellery Boutique.
  9530 | D:9      | Found a shattered altar of Ashenzari.
  9548 | D:9      | Became a worshipper of Ashenzari the Shackled
  9565 | D:9      | Killed from afar by an orc wizard

Action                   |  1- 3 |  4- 6 |  7- 9 || total
-------------------------+-------+-------+-------++-------
Melee: Dagger            |    97 |   316 |   295 ||   708
Throw: Dart              |       |     4 |       ||     4
 Cast: Corona            |     7 |     6 |     1 ||    14
       Confuse           |     4 |    37 |    17 ||    58
       Sure Blade        |     2 |    18 |     4 ||    24
       Invisibility      |       |       |     6 ||     6
       Ensorcelled Hiber |       |       |    46 ||    46
Evoke: Wand              |       |       |     2 ||     2
  Use: Potion            |     3 |     9 |       ||    12
       Scroll            |     3 |    16 |     5 ||    24
 Stab: Sleeping          |     8 |     3 |    59 ||    70
       Confused          |     3 |    19 |     8 ||    30
       Distracted        |       |     2 |       ||     2
       Invisible         |       |       |     4 ||     4
